 Dungeon Crawl Stone Soup version 0.26-a0-753-g4680b4fa2e (webtiles) character file.

Game seed: 12571855607879551942

84 Descartes the Skirmisher (level 4, -1/37 HPs)
             Began as a Formicid Chaos Knight on Nov 7, 2020.
             Was a Plaything of Xom.
             Slain by a hobgoblin
             ... wielding a +0 club
              (4 damage)
             ... on level 3 of the Dungeon.
             The game lasted 00:04:37 (2051 turns).

Descartes the Skirmisher (Formicid Chaos Knight)    Turns: 2051, Time: 00:04:37

Health: -1/37      AC:  6    Str: 18      XL:     4   Next: 74%
Magic:  4/4        EV: 10    Int: 11      God:    Xom [......]
Gold:   245        SH:  2    Dex:  7 (10) Spells: 3/3 levels left

rFire    . . .     SeeInvis +   a - +0 falchion (chaos)
rCold    + . .     Faith    .   t - +0 buckler
rNeg     . . .     Spirit   .   b - +2 leather armour
rPois    .         Reflect  .   (helmet unavailable)
rElec    .         Harm     .   (no cloak)
rCorr    .         Rampage  .   (no gloves)
MR       .....                  n - +0 pair of boots
Stlth    +.........             (no amulet)
HPRegen  0.12/turn              k - ring of protection from cold
MPRegen  0.09/turn              (no ring)

@: drained
A: permanent stasis, dig shafts and tunnels, four strong arms, antennae 3
a: Dig, Shaft Self, Renounce Religion


You were on level 3 of the Dungeon.
You worshipped Xom.
You were a very special plaything of Xom.
You visited 1 branch of the dungeon, and saw 3 of its levels.

You collected 245 gold pieces.

Inventory:

Hand Weapons
 a - a +0 falchion of chaos (weapon)
Armour
 b - a +2 leather armour (worn)
 n - a +0 pair of boots (worn)
 t - a +0 buckler (worn)
Jewellery
 k - a ring of protection from cold (left hand)
Scrolls
 e - 2 scrolls of enchant armour {unknown}
 g - 3 scrolls of enchant weapon {unknown}
 j - 2 scrolls of remove curse {unknown}
 l - a scroll of teleportation {unknown}
 m - a scroll of blinking {unknown}
 p - a scroll of immolation {unknown}
 s - a scroll of magic mapping {unknown}
Potions
 c - a potion of cancellation
 d - 3 potions of might
 h - a potion of heal wounds {unknown}
 o - 2 potions of flight {unknown}
 q - a potion of ambrosia {unknown}
 r - 2 potions of curing


   Skills:
 + Level 4.2(3.3) Fighting
 - Level 3.0(2.1) Long Blades
 - Level 3.0(2.1) Armour
 + Level 2.3(1.4) Dodging
 * Level 1.0(0.2) Shields


You had 3 spell levels left.
You didn't know any spells.
Your spell library was empty.

Dungeon Overview and Level Annotations

Branches:
Dungeon (3/15)

Altars:
Ashenzari
Nemelex Xobeh
Ru
Wu Jian


Innate Abilities, Weirdness & Mutations

You cannot be hasted, slowed, berserked, paralysed or teleported.
You can dig through walls and to a lower floor.
Your four strong arms can wield two-handed weapons with a shield.
You have a pair of large antennae on your head. (SInv)


Message History

You slash the shadow imp!
The shadow imp is severely wounded.
The shadow imp hits you.
* * * LOW HITPOINT WARNING * * *
You closely miss the shadow imp.
The shadow imp is severely wounded.
The shadow imp hits you but does no damage.
You hit the crimson imp. You freeze the crimson imp.
The crimson imp is lightly wounded.
The crimson imp disappears in a puff of smoke!
The hobgoblin completely misses you.
You closely miss the hobgoblin. The hobgoblin hits you with a +0 club.
* * * LOW HITPOINT WARNING * * *
You barely miss the hobgoblin. You block the hobgoblin's attack.
You barely miss the hobgoblin. The hobgoblin hits you with a +0 club.
* * * LOW HITPOINT WARNING * * *
You hit the hobgoblin. You freeze the hobgoblin.
The hobgoblin is almost dead.
The hobgoblin hits you with a +0 club.
You die...

########### #.........#
##.........######
########................
#.................#####.
......##...))........<#
.###.....####.......รท.#
#..##### ##g##....#....#
.. #@#5#!.....#### ..
#......##..5...### .
##..##. #>.....# #
.#...##..## #.#.......#
#....#...... #.... .
...## #...## ...... ..#.
#.#


You could see a hobgoblin.

Vanquished Creatures
  2 gnolls (D:3)
  An adder (D:2)
  2 worms
  2 dart slugs (D:2)
  2 leopard geckos (D:1)
  3 bats
  2 giant cockroaches (D:2)
  7 goblins
  5 hobgoblins
  2 jackals (D:2)
  A quokka (D:3)
  3 frilled lizards
  5 kobolds
  6 rats
43 creatures vanquished.

Vanquished Creatures (collateral kills)
  A kobold (D:2)
1 creature vanquished.

Grand Total: 44 creatures vanquished

Notes
Turn   | Place    | Note
-------+----------+-------------------------------------------
     0 | D:1      | Descartes the Formicid Chaos Knight began the quest for the
                  | Orb.
     0 | D:1      | Reached XP level 1. HP: 18/18 MP: 1/1
     9 | D:1      | XOM: silly message
    29 | D:1      | Reached skill level 1 in Dodging
    72 | D:1      | XOM: divination: detect items
   129 | D:1      | Reached XP level 2. HP: 24/24 MP: 2/2
   133 | D:1      | XOM: silly message
   424 | D:1      | XOM: divination: detect creatures
   748 | D:2      | XOM: divination: magic mapping
   763 | D:2      | Found a sparkling altar of Nemelex Xobeh.
   879 | D:2      | Found a sacrificial altar of Ru.
   881 | D:2      | Reached XP level 3. HP: 23/30 MP: 3/3
  1232 | D:2      | XOM: cast spell 'Summon Ice Beast'
  1264 | D:2      | Reached skill level 4 in Fighting
  1266 | D:2      | Reached XP level 4. HP: 37/37 MP: 4/4
  1327 | D:2      | Found an ornate altar of the Wu Jian Council.
  1437 | D:2      | Found a broken altar of Ashenzari.
  1519 | D:2      | XOM: draining
  1935 | D:3      | Reached skill level 1 in Shields
  2011 | D:3      | XOM: summons 3 hostile demons
  2051 | D:3      | Slain by a hobgoblin

Illustrated notes

Levels and vault maps discovered:
D:1:      roderic_crossed_star, layout_rooms
D:2:      layout_basic, ashenzari_altar_1, old_standard_altar,
          nemelex_xobeh_ov_fountains_minmay, lemuel_round_altar
D:3:      layout_rooms, minmay_close_crescents

Skill      XL: |  1  2  3  4 |
---------------+-------------+-----
Dodging        | 1 2 |  2.3
Armour         | 3 |  3.0
Fighting       | 4 |  4.2
Shields        | 1 |  1.0
Long Blades    | |  3.0

Action                   |  1- 3 |  4- 6 || total
-------------------------+-------+-------++-------
Melee: Falchion          |   101 |    99 ||   200
 Abil: Dig               |       |     1 ||     1
  Use: Scroll            |       |     4 ||     4
Armor: Leather armour    |    46 |    64 ||   110
Dodge: Dodged            |    78 |    91 ||   169
Block: Buckler           |       |     6 ||     6
       Rpst.: Falchion   |    24 |    18 ||    42

Table legend: (Time is in decaauts)
 A = Elapsed time spent in this place.
 B = Non-inter-level travel time spent in this place.
 C = Inter-level travel time spent in this place.
 D = Time resting spent in this place.
 E = Time spent auto-exploring this place.
 F = Levels seen in this place.
 G = Mean time per level.
                   A        B        C        D        E       F      G
               +--------+--------+--------+--------+--------+-----+--------+
         Total |   2086 |   2057 |     29 |      0 |   1637 |   3 |  695.3 |
       Dungeon |   2086 |   2057 |     29 |      0 |   1637 |   3 |  695.3 |
               +--------+--------+--------+--------+--------+-----+--------+

Top non-repeatable levels by time:
     D:2: 1041 daAuts
     D:1: 740 daAuts
     D:3: 304 daAuts
